 Dungeon Crawl Stone Soup version 0.24-a0-355-gbe4061de67 (webtiles) character file.

Game seed: 3474617292517731939

1210 Twistedpanties the Covered (level 8, -8/52 HPs)
             Began as a Demonspawn Fire Elementalist on May 24, 2019.
             Was a Follower of Cheibriados.
             Mangled by an orc warrior
             ... wielding a +0 battleaxe
              (18 damage)
             ... on level 6 of the Dungeon on May 25, 2019.
             The game lasted 00:22:51 (6560 turns).

Twistedpanties the Covered (DsFE)                   Turns: 6560, Time: 00:22:51

Health: -8/52      AC: 11    Str: 13    XL:     8   Next: 22%
Magic:  12/12      EV: 13    Int: 20    God:    Cheibriados [*.....]
Gold:   278        SH:  4    Dex: 17    Spells: 9/13 levels left

rFire    + . .     SeeInvis .   a - +0 flail (crush)
rCold    . . .     Gourm    +   g - +0 buckler
rNeg     + + .     Faith    .   s - +2 ring mail {rN+}
rPois    .         Spirit   .   (helmet restricted)
rElec    .         Reflect  .   D - +0 cloak
rCorr    .         Harm     .   b - +1 pair of gloves
MR       .....                  (no boots)
Stlth    +.........             p - amulet of the gourmand
HPRegen  0.17/turn              d - ring of positive energy
MPRegen  0.13/turn              j - ring of protection from fire

@: about to teleport, very slow
A: horns 1, repulsion field 2, demonic guardian 1, powered by pain 1
a: Bend Time, Renounce Religion


You were on level 6 of the Dungeon.
You worshipped Cheibriados.
Cheibriados was aware of your devotion.
You were completely stuffed.

You visited 2 branches of the dungeon, and saw 7 of its levels.

You collected 278 gold pieces.

Inventory:

Hand Weapons
 a - a +0 flail of crushing (weapon)
 m - a +0 club
 q - a +1 flail of draining
Missiles
 k - 8 javelins
 l - 238 stones
 E - 6 atropa-tipped darts
 J - 6 poisoned darts (quivered)
Armour
 b - a +1 pair of gloves (worn)
 e - a +1 cloak
 g - a +0 buckler (worn)
 s - a +2 ring mail of positive energy (worn)
 D - a +0 cloak (worn)
Jewellery
 d - a ring of positive energy (left hand)
 j - a ring of protection from fire (right hand)
 p - an amulet of the gourmand (around neck)
 H - an uncursed ring of poison resistance {unknown}
Wands
 t - a wand of flame (23)
 y - a wand of random effects (19)
Scrolls
 i - 2 scrolls of fog
 u - 4 scrolls of enchant weapon {unknown}
 w - 2 scrolls of immolation {unknown}
 x - 2 scrolls of amnesia {unknown}
 z - a scroll of random uselessness {unknown}
 A - a scroll of remove curse
 B - 5 scrolls of magic mapping
 F - a scroll of identify
Potions
 f - 3 potions of curing
 h - 2 potions of invisibility
 n - a potion of mutation {unknown}
 o - 2 potions of magic {unknown}
 r - 2 potions of lignification {unknown}
 C - 2 potions of flight {unknown}
 I - a potion of heal wounds {unknown}
 K - a potion of cancellation {unknown}
 L - a potion of might {unknown}
Comestibles
 c - 6 rations
 v - 7 chunks of flesh


   Skills:
 - Level 0.3 Fighting
 - Level 0.1 Throwing
 * Level 6.2 Armour
 - Level 1.7 Dodging
 - Level 1.7 Stealth
 - Level 0.6 Shields
 * Level 3.2 Spellcasting
 + Level 4.5 Conjurations
 * Level 3.6 Fire Magic
 * Level 3.4 Invocations


You had 9 spell levels left.
You knew the following spells:

 Your Spells              Type           Power        Failure   Level  Hunger
a - Flame Tongue          Conj/Fire      ###..        8%          1    None
b - Conjure Flame         Conj/Fire      ###.....     22%         3    ###....

Your spell library contained the following spells:

 Spells                   Type           Power        Failure   Level  Hunger
 Throw Flame              Conj/Fire      ###...       12%         2    ##.....
 Inner Flame              Hex/Fire       ##......     52%         3    ###....
 Sticky Flame             Conj/Fire      ###.....     58%         4    ####...
 Fireball                 Conj/Fire      ###.......   91%         5    ######.


Dungeon Overview and Level Annotations

Branches:
Dungeon (6/15)             Temple (1/1) D:4

Altars:
Ashenzari
Cheibriados
Elyvilon
Fedhas
Gozag
Hepliaklqana
Kikubaaqudgha
Nemelex Xobeh
Okawaru
Qazlal
Ru
Sif Muna
Trog
Uskayaw
Vehumet
Wu Jian
Xom
Zin
The Shining One
Beogh

Annotations:
D:5 3 runed translucent doors, Stiffzip's ghost, amateur MfGl


Innate Abilities, Weirdness & Mutations

You have a pair of small horns on your head.
You are surrounded by a moderate repulsion field. (EV +3)
A weak demonic guardian rushes to your aid.
You sometimes gain a little power by taking damage.


Message History

* * * LOW HITPOINT WARNING * * *
The orc warrior hits your white imp with a +0 battleaxe!!
Your white imp dies!
You see here an orc skeleton.
The orc warrior hits your iron imp with a +0 battleaxe!
The orc warrior hits you but does no damage.
Your iron imp closely misses the orc warrior.
Your iron imp hits the orc warrior but does no damage.
Your iron imp barely misses something.
You block the orc warrior's attack. You block the orc warrior's attack.
Your iron imp closely misses something.
Your iron imp misses something.
Okay, then.
Your iron imp disappears in a puff of smoke!
The orc warrior hits you with a +0 battleaxe!
* * * LOW HITPOINT WARNING * * *
As you read the scroll of teleportation, it crumbles to dust.
You feel strangely unstable.
An orc wizard appears from thin air!
Reactivating autopickup.
The orc warrior hits you with a +0 battleaxe!!
You die...

#.....(..........#....(........#
#######)#.#.####.#......#.#....#
#(#.#....#.#....#.#.#....##
#(#.######.#.##.#.#........
#.#.# #.#....#.###.#.#.#
#.#.######.######.#.......#
#.#........5..........#)#.#
#.########.######.#.#...#.#
##.#.....oo@.........#.###.#
#....######.######.###......
#....# #.# #......#... #....#
####.###########.#.## #....#
#................#.# ##+#.#
#.##.##########..#.# #.#.#
#.##.# #..#.# #.#.# #.##.#
#..#.# #.#รท# #.##.# #..#.#


You could see an orc warrior, an orc wizard and a friendly white imp.

Vanquished Creatures
  Grinder (D:5)
  Menkaure (D:5)
  2 water moccasins (D:6)
  A sky beast (D:6)
  A crimson imp (D:6)
  2 orc priests (D:6)
  A hound (D:6)
  2 orc wizards (D:6)
  Ijyb (D:5)
  3 worker ants
  8 adders
  An adder zombie (D:5)
  An adder skeleton (D:4)
  2 worms
  3 dart slugs
  A leopard gecko (D:4)
  5 orcs
  3 giant cockroaches
  5 goblins
  6 hobgoblins
  10 jackals
  7 kobolds
  5 quokkas
  7 bats
  6 frilled lizards
  A jackal skeleton (D:5)
  A quokka skeleton (D:6)
  9 rats
96 creatures vanquished.

Vanquished Creatures (collateral kills)
  Edmund (D:4)
  An ogre (D:5)
  A centaur (D:6)
  Blork the orc (D:5)
  A centaur skeleton (D:4)
5 creatures vanquished.

Grand Total: 101 creatures vanquished

Notes
Turn   | Place    | Note
-------+----------+-------------------------------------------
     0 | D:1      | Twistedpanties the Demonspawn Fire Elementalist began the
                  | quest for the Orb.
     0 | D:1      | Reached XP level 1. HP: 13/13 MP: 3/3
   268 | D:1      | You fall into a shaft and drop 1 floor!
   291 | D:2      | Gained mutation: A weak demonic guardian rushes to your
                  | aid. [demonic ancestry]
   291 | D:2      | Reached XP level 2. HP: 19/19 MP: 0/5
  1360 | D:1      | Gained mutation: You have a pair of small horns on your
                  | head. [demonic ancestry]
  1360 | D:1      | Reached XP level 3. HP: 11/24 MP: 0/6
  2160 | D:2      | Reached skill level 1 in Armour
  2333 | D:3      | Reached XP level 4. HP: 22/30 MP: 1/7
  2602 | D:3      | Found an ancient bone altar of Kikubaaqudgha.
  2660 | D:3      | Found a bloodstained altar of Trog.
  2951 | D:4      | Noticed Edmund
  2967 | D:4      | Killed Edmund
  2967 | D:4      | Reached skill level 2 in Armour
  2967 | D:4      | Reached XP level 5. HP: 35/35 MP: 8/8
  3024 | D:4      | Learned a level 3 spell: Conjure Flame
  3141 | D:4      | Reached skill level 3 in Armour
  3823 | D:4      | Found a staircase to the Ecumenical Temple.
  3846 | Temple   | Entered the Ecumenical Temple
  3910 | Temple   | Became a worshipper of Cheibriados the Contemplative
  4148 | D:5      | Entered Level 5 of the Dungeon
  4148 | D:5      | Found a runed translucent gate.
  4148 | D:5      | Found a runed translucent gate.
  4148 | D:5      | Found a runed translucent gate.
  4148 | D:5      | Noticed Stiffzip's ghost (amateur MfGl)
  4148 | D:5      | Identified the +3 plate armour "Viungeam" {rCorr}
  4148 | D:5      | Noticed an orc warrior
  4149 | D:5      | Identified the cursed +2 mace "Esayc" {freeze, -Tele rElec
                  | rC+++ Stlth+}
  4152 | D:5      | Found a roughly hewn altar of Beogh.
  4216 | D:5      | Gained mutation: You sometimes gain a little power by
                  | taking damage. [demonic ancestry]
  4216 | D:5      | Reached XP level 6. HP: 41/41 MP: 9/9
  4260 | D:5      | Noticed Ijyb
  4273 | D:5      | Killed Ijyb
  4273 | D:5      | Reached skill level 1 in Invocations
  4290 | D:5      | Reached skill level 4 in Armour
  4385 | D:5      | Found a glowing golden altar of the Shining One.
  4410 | D:5      | Found a white marble altar of Elyvilon.
  4414 | D:5      | Found a deep blue altar of Sif Muna.
  4446 | D:5      | Noticed Menkaure
  4457 | D:5      | Killed Menkaure
  4584 | D:5      | Noticed Grinder
  4613 | D:5      | Killed Grinder
  4613 | D:5      | Reached skill level 5 in Armour
  4613 | D:5      | Gained mutation: You are surrounded by a mild repulsion
                  | field. (EV +2) [demonic ancestry]
  4613 | D:5      | Reached XP level 7. HP: 45/46 MP: 0/10
  4746 | D:5      | Noticed Blork the orc
  4752 | D:5      | Killed Blork the orc
  4784 | D:5      | Reached * piety under Cheibriados
  4942 | D:5      | Found a shimmering altar of Xom.
  5847 | D:6      | Reached skill level 6 in Armour
  5971 | D:6      | Found a radiant altar of Vehumet.
  5982 | D:6      | Gained mutation: You are surrounded by a moderate repulsion
                  | field. (EV +3) [demonic ancestry]
  5982 | D:6      | Reached XP level 8. HP: 52/52 MP: 8/12
  6560 | D:6      | Mangled by an orc warrior

Levels and vault maps discovered:
D:1:      matt_arrival_spirals, layout_basic, st_stairs_7
D:2:      layout_rooms
D:3:      layout_rooms, lemuel_crystal_altar, overflow_temple_1_default
D:4:      layout_loops_ring, minmay_temple_entry_waves, uniq_edmund
D:5:      layout_rooms, tgw_xom, grunt_temple_overflow_open,
          biasface_ghost_orc_armoury, first_ration, st_stairs_13,
          hangedman_abyss_or_decor_stagger, uniq_ijyb, uniq_blork_the_orc,
          uniq_menkaure, uniq_grinder
D:6:      layout_basic, basic_altar, minmay_misc_feat_rows, uniq_eustachio
Temple:   cyrus_circular_temple

Skill      XL: |  1  2  3  4  5  6  7 |
---------------+----------------------+-----
Fire Magic     | 3 |  3.6
Armour         | 1 2 3 5 6 |  6.2
Conjurations   | 2 3 4 |  4.5
Invocations    | 2 3 |  3.4
Spellcasting   | 3 |  3.2
Fighting       | |  0.3
Throwing       | |  0.1
Dodging        | |  1.7
Stealth        | |  1.7
Shields        | |  0.6

Action                   |  1- 3 |  4- 6 |  7- 9 || total
-------------------------+-------+-------+-------++-------
Melee: Club              |    77 |    16 |       ||    93
       Headbutt          |     2 |    17 |     5 ||    24
       Flail             |       |    77 |    49 ||   126
Throw: Dart              |    19 |    33 |    36 ||    88
       Javelin           |     2 |       |     1 ||     3
       Boomerang         |       |    12 |       ||    12
 Cast: Flame Tongue      |    53 |    36 |    40 ||   129
  Use: Scroll            |     4 |     3 |     3 ||    10
 Stab: Sleeping          |       |       |     1 ||     1
  Eat: Chunk             |    10 |     9 |     3 ||    22
       Ration            |     1 |       |       ||     1
Armor: Ring mail         |    83 |    67 |    34 ||   184
       Robe              |    17 |       |       ||    17
Dodge: Dodged            |   107 |    63 |    74 ||   244
Block: Buckler           |    18 |    21 |    19 ||    58

Table legend:
 A = Non-vault XP
 B = Vault XP
 C = Vault XP percentage of total XP
 D = Non-vault monster count
 E = Vault monster count
 F = Vault count percentage of total count
                 A         B        C        D         E       F
            +---------+---------+-------+---------+---------+-------
      Total |    1105 |     624 |  36.1 |      87 |      14 |  13.9
            +---------+---------+-------+---------+---------+-------
        D:1 |      28 |       3 |   9.7 |      17 |       2 |  10.5
        D:2 |      43 |       0 |   0.0 |      16 |       0 |   0.0
        D:3 |      36 |       0 |   0.0 |      14 |       0 |   0.0
        D:4 |     149 |     103 |  40.9 |      14 |       1 |   6.7
        D:5 |     115 |     518 |  81.8 |       8 |      11 |  57.9
        D:6 |     734 |       0 |   0.0 |      18 |       0 |   0.0
            +---------+---------+-------+---------+---------+-------
